 Dungeon Crawl Stone Soup version 0.31-a0-625-gc9c7e45f3f (webtiles) character file.

Game seed: 12748102510852492094

176 MacCMillion the Ruffian (level 5, 0/46 HPs)
             Began as a Draconian Shapeshifter on Aug 24, 2023.
             Slain by a gnoll
             ... wielding a +0 spear of freezing
              (3 damage)
             ... on level 3 of the Dungeon.
             The game lasted 00:03:11 (2364 turns).

MacCMillion the Ruffian (Draconian Shapeshifter)    Turns: 2364, Time: 00:03:12

Health: 0/46       AC:  5    Str: 20    XL:     5   Next: 30%
Magic:  5/5        EV: 12    Int:  8    God:
Gold:   134        SH:  0    Dex: 17    Spells: 4/4 levels left

rFire   . .          .
                       - Unarmed
rCold   . . .        (no shield)
rNeg    . . .        (body armour unavailable)
rPois   .            (helmet currently unavailable)
rElec   .            (cloak currently unavailable)
rCorr   .            (gloves currently unavailable)
SInv    .            (boots currently unavailable)
Will    .....        (no amulet)
Stlth   ++           k - +6 ring of dexterity
HPRegen 0.27/turn    (no ring)
MPRegen 0.09/turn

%: no passive effects
@: beast-form, slowed, very slow
A: beast (slay +1), AC +5, unfitting armour, cold-blooded
a: Begin Untransformation


You were on level 3 of the Dungeon.
You were a hulking beast.
You visited 1 branch of the dungeon, and saw 3 of its levels.

You collected 134 gold pieces.

Inventory:

Armour
 n - the -1 pair of boots of the Demon Prince {Slay+5}
   (You found it on level 3 of the Dungeon)

   Slay+5:    It affects your accuracy & damage with ranged weapons and melee
   (+5).
Jewellery
 d - a ring of ice
 k - a +6 ring of dexterity (left hand)
 o - a ring of protection from fire
Talismans
 b - a beast talisman (active)
 c - a flux talisman
Scrolls
 g - a scroll of poison {unknown}
 h - 2 scrolls of identify {unknown}
 i - a scroll of vulnerability {unknown}
 j - 2 scrolls of summoning {unknown}
 m - a scroll of amnesia {unknown}
Potions
 a - a potion of lignification
 e - a potion of might {unknown}
 f - a potion of curing {unknown}
 l - a potion of enlightenment {unknown}
 p - 2 potions of invisibility {unknown}


   Skills:
 + Level 4.1 Fighting
 - Level 1.7 Dodging
 + Level 4.7 Unarmed Combat
 - Level 3.0 Shapeshifting


You had 4 spell levels left.
You didn't know any spells.
Your spell library was empty.

Dungeon Overview and Level Annotations

Branches:
Dungeon (3/15)

Altars:

Shops:
D:2 :


Innate Abilities, Weirdness & Mutations

You are a hulking beast.
Your limbs bulge with bestial killing power. (Slay +1)
Your plain brown scales are hard. (AC +5)
You cannot fit into any form of body armour.
You are cold-blooded and may be slowed by cold attacks.


Message History

The gnoll is heavily wounded.
The gnoll misses you. The gnoll barely misses you.
You hit the gnoll. You tail-slap the gnoll.
The gnoll is almost dead.
The gnoll hits you from afar with a +0 spear of freezing.
The gnoll freezes you. The gnoll hits you with a +0 whip.
You hit the gnoll.
The gnoll is almost dead.
The gnoll barely misses you. The gnoll closely misses you.
You hit the gnoll.
You kill the gnoll!
The gnoll hits you from afar with a +0 spear of freezing.
The gnoll freezes you. The gnoll misses you.
You see here a +0 whip.
You hit the gnoll.
The gnoll is moderately wounded.
The gnoll hits you with a +0 spear of freezing.
You feel yourself slow down. The gnoll freezes you.
You closely miss the gnoll. You tail-slap the gnoll.
The gnoll is severely wounded.
The gnoll hits you but does no damage.
You closely miss the gnoll.
The gnoll shouts!
You tail-slap the gnoll, but do no damage.
The gnoll is severely wounded.
You feel yourself speed up.
The gnoll hits you with a +0 spear of freezing.
The gnoll freezes you.
The gnoll hits you with a +0 spear of freezing.
The gnoll freezes you.
You barely miss the gnoll.
The gnoll is severely wounded.
The gnoll hits you from afar with a +0 spear.
The gnoll hits you with a +0 spear of freezing!
* * * LOW HITPOINT WARNING * * *
You feel yourself slow down. The gnoll freezes you.
* * * LOW HITPOINT WARNING * * *
The gnoll hits you from afar with a +0 spear of freezing.
You die...

..#.#######.#.####
#.#.#.............
#.#.#.#####.######
#.#...#####.......
#.>...............
#...####..........
#...####.#########
#))g.........#
#h#..........###
#<#g...........#
######...........†#
#.................#
#g#####.........###
#.# #.........# #.#
#####'######### #.#
#.......... #g#
#.####.....


You could see a gnoll.

Vanquished Creatures
  An orc priest (D:3)
  Jessica (D:2)
  An orc wizard (D:3)
  2 gnolls (D:3)
  3 adders
  A worm (D:2)
  A dart slug (D:3)
  6 orcs (D:3)
  3 bats (D:1)
  3 endoplasms
  2 giant cockroaches
  5 goblins
  A hobgoblin (D:3)
  4 kobolds
  5 ball pythons
  A frilled lizard (D:2)
  2 rats
42 creatures vanquished.

Notes
Turn   | Place    | Note
-------+----------+-------------------------------------------
     0 | D:1      | MacCMillion the Draconian Shapeshifter began the quest for
                  | the Orb.
     0 | D:1      | Reached XP level 1. HP: 16/16 MP: 1/1
   235 | D:1      | Reached XP level 2. HP: 24/24 MP: 2/2
   325 | D:1      | Found a faded altar of an unknown god.
   737 | D:2      | Found Hoedei's Book Emporium.
  1154 | D:2      | Reached XP level 3. HP: 22/30 MP: 3/3
  1374 | D:2      | Noticed Jessica
  1387 | D:2      | Killed Jessica
  1610 | D:3      | Reached XP level 4. HP: 35/38 MP: 4/4
  1677 | D:3      | Identified the -1 pair of boots of the Demon Prince
                  | {Slay+5}
  2133 | D:3      | Reached XP level 5. HP: 25/46 MP: 5/5
  2364 | D:3      | Slain by a gnoll

Illustrated notes

Levels and vault maps discovered:
D:1:      amcnicky_arrival_double_pillar, layout_rooms, serial_forest,
          infiniplex_forest_straight_5, infiniplex_forest_end_1,
          infiniplex_forest_clump_long, infiniplex_forest_clump_cross,
          hellmonk_ecumenical_altar_slurped_away, feat_on_display
D:2:      layout_basic, serial_shops, shop, uniq_jessica
D:3:      layout_basic

Skill      XL: |  1  2  3  4  5 |
---------------+----------------+-----
Fighting       | 2 3 4 |  4.1
Unarmed Combat | 4 |  4.7
Dodging        | |  1.7
Shapeshifting  | |  3.0

Action                     |  1- 3 |  4- 6 || total
---------------------------+-------+-------++-------
  Melee: Unarmed           |    67 |    75 ||   142
         Tailslap          |     6 |    17 ||    23
         Punch             |     1 |     1 ||     2
   Stab: Sleeping          |     1 |     1 ||     2
 Armour: Skin              |    26 |    24 ||    50
  Dodge: Dodged            |    54 |    41 ||    95

Table legend: (Time is in decaauts)
 A = Elapsed time spent in this place.
 B = Non-inter-level travel time spent in this place.
 C = Inter-level travel time spent in this place.
 D = Time resting spent in this place.
 E = Time spent auto-exploring this place.
 F = Levels seen in this place.
 G = Mean time per level.
                   A        B        C        D        E       F      G
               +--------+--------+--------+--------+--------+-----+--------+
         Total |   2354 |   2298 |     56 |    152 |   1772 |   3 |  784.7 |
       Dungeon |   2354 |   2298 |     56 |    152 |   1772 |   3 |  784.7 |
               +--------+--------+--------+--------+--------+-----+--------+

Top non-repeatable levels by time:
     D:2: 878 daAuts
     D:3: 821 daAuts
     D:1: 654 daAuts
